 Dungeon Crawl Stone Soup version 0.29-a0-194-g6e3aafee17 (webtiles) character file.

Game seed: 9856487731046839351

5067 enile the Skirmisher (level 10, -13/79 HPs)
             Began as a Demonspawn Gladiator on Feb 23, 2022.
             Was a High Priest of Lugonu.
             Killed by the air
             ... invoked by Gastronok
              (17 damage)
             ... on level 9 of the Dungeon.
             The game lasted 00:45:51 (13112 turns).

enile the Skirmisher (Demonspawn Gladiator)        Turns: 13112, Time: 00:45:52

Health: -13/79     AC: 14    Str: 14    XL:     10   Next: 31%
Magic:  14/14      EV: 14    Int:  9    God:    Lugonu [*****.]
Gold:   485        SH:  4    Dex: 26    Spells: 9/9 levels left

rFire   . . .      SeeInvis .   J - +0 scimitar
rCold   . . .      Faith    .   (no shield)
rNeg    + . .      Spirit   .   M - +2 ring mail {rN+}
rPois   .          Reflect  .   j - +2 helmet
rElec   .          Harm     .   (no cloak)
rCorr   .          Rampage  .   (no gloves)
Will    +....                   (no boots)
Stlth   +++.......              (no amulet)
HPRegen 0.23/turn               e - +6 ring of dexterity
MPRegen 0.14/turn               k - ring of willpower

@: no status effects
A: molten scales 2, demonic guardian 1, condensation shield, demonic touch 1
a: Renounce Religion, Depart the Abyss, Bend Space, Banish, Corrupt, Enter the
Abyss


You were on level 9 of the Dungeon.
You worshipped Lugonu.
Lugonu was extremely pleased with you.
You visited 1 branch of the dungeon, and saw 9 of its levels.
You also visited: Ossuary.

You collected 485 gold pieces.

Inventory:

Hand Weapons
 a - a +0 quarterstaff
 g - a +0 hunting sling
 p - the +5 whip "Aczumim" {holy, Fly Will+}
   (You took it off a kobold on level 2 of the Dungeon)

   It has been blessed by the Shining One to cause great damage to the undead
   and demons.
   Fly:       It grants you flight.
   Will:      It increases your willpower.
 q - a +0 whip
 w - a +0 falchion of freezing
 E - a +0 battleaxe
 J - a +0 scimitar (weapon)
 R - a +2 long sword
 U - a +0 shortbow
Missiles
 m - 2 poisoned darts
Armour
 b - a +0 leather armour
 c - a +0 helmet
 j - a +2 helmet (worn)
 K - a +0 chain mail
 M - a +2 ring mail of positive energy (worn)
 O - +0 steam dragon scales
 V - a +1 animal skin
Magical Staves
 I - a staff of earth
Jewellery
 e - a +6 ring of dexterity (left hand)
 k - a ring of willpower (right hand)
Wands
 x - a wand of iceblast (4) (quivered)
Scrolls
 d - 2 scrolls of holy word
 f - 2 scrolls of magic mapping
 h - 3 scrolls of enchant armour
 l - 4 scrolls of immolation
 n - 3 scrolls of noise
 s - 3 scrolls of fear {unknown}
 t - a scroll of teleportation
 y - 4 scrolls of fog {unknown}
 C - a scroll of blinking {unknown}
 D - a scroll of silence {unknown}
 G - 2 scrolls of enchant weapon {unknown}
 H - a scroll of brand weapon
 P - a scroll of summoning {unknown}
 Q - 2 scrolls of vulnerability {unknown}
 T - a scroll of torment {unknown}
Potions
 i - 5 potions of mutation
 z - a potion of ambrosia {unknown}
 A - 6 potions of curing {unknown}
 B - 3 potions of lignification
 N - a potion of flight {unknown}
 S - a potion of degeneration {unknown}


   Skills:
 + Level 7.6 Fighting
 - Level 7.0 Long Blades
 - Level 3.0 Staves
 - Level 2.2 Throwing
 - Level 4.1 Armour
 - Level 5.0 Dodging
 - Level 4.0 Stealth
 - Level 2.0 Unarmed Combat
 - Level 6.0 Invocations
 - Level 5.0 Evocations


You had 9 spell levels left.
You didn't know any spells.
Your spell library contained the following spells:

 Spells                   Type           Power      Damage    Failure   Level
 Animate Skeleton         Necr           0%         N/A       61%         1
 Apportation              Tloc           0%         N/A       61%         1
 Beastly Appendage        Tmut           0%         N/A       61%         1
 Slow                     Hex            0%         N/A       61%         1
 Summon Small Mammal      Summ           0%         N/A       61%         1
 Wereblood                Tmut           0%         N/A       75%         2
 Confusing Touch          Hex            0%         N/A       93%         3
 Gell's Gravitas          Tloc           0%         N/A       93%         3
 Lesser Beckoning         Tloc           0%         N/A       93%         3
 Spider Form              Tmut/Pois      0%         N/A       93%         3
 Stone Arrow              Conj/Erth      0%         3d7       93%         3
 Teleport Other           Tloc           0%         N/A       93%         3
 Vampiric Draining        Necr           0%         2d6       93%         3
 Animate Armour           Summ/Erth      0%         N/A       100%        4
 Summon Lightning Spire   Summ/Air       0%         N/A       100%        4
 Alistair's Intoxication  Tmut/Pois      0%         N/A       100%        5
 Iskenderun's Battlesphe  Conj           0%         2d6       100%        5
 Yara's Violent Unravell  Hex/Tmut       0%         3d3       100%        5
 Iron Shot                Conj/Erth      0%         9d1       100%        6
 Enfeeble                 Hex            0%         N/A       100%        7
 Spellforged Servitor     Conj/Summ      0%         N/A       100%        7
 Storm Form               Tmut/Air       0%         N/A       100%        7
 Lehudib's Crystal Spear  Conj/Erth      0%         10d2      100%        8
 Maxwell's Capacitive Co  Air            0%         ∞         100%        8


Dungeon Overview and Level Annotations

Branches:
Dungeon (9/15)             Temple (0/1) D:6         Ossuary (visited)
   Lair: D:8-11         Orc: D:9-12

Altars:
Ashenzari
Gozag
Hepliaklqana
Okawaru
Qazlal
Ru
Vehumet
Wu Jian
Zin
Lugonu

Annotations:
D:7 Dowan, Duvessa
D:9 Gastronok
Abyss:1 Joseph


Innate Abilities, Weirdness & Mutations

You are mostly covered in molten scales. (AC +3)
A weak demonic guardian rushes to your aid.
A meltable shield of frost defends you. (SH +4)
Your touch may inflict minor irresistible damage on your foes.


Message History

g - Guard the area. f - Follow me.
Anything else - Cancel.
Gang up on whom?
Press: ? - help, Dir - move target, f/p - Gastronok
Aim: Gastronok, wearing a +1 hat (severely wounded, very poisoned, ally target) Attack!
You swap places.
Gastronok's eyestalks quiver as he mumbles some strange words.
Gastronok puts on a burst of speed!
Your shadow imp disappears in a puff of smoke!
Aiming: Iceblast
Press: ? - help, Q - select action, (/) - cycle Shift-Dir - straight line, f - you, p - Gastronok
Okay, then.
You start resting.
Gastronok is nearby!
Press: ? - help, v - describe, . - travel
Here: Gastronok, wearing a +1 hat (severely wounded, covering ground quickly)
The floor.
Press: ? - help, v - describe, . - travel
Here: Gastronok, wearing a +1 hat (severely wounded, covering ground quickly)
The floor.
Okay, then.
Gastronok is no longer moving quickly.
Gastronok waves his eye-stalks in wide circles.
The air twists around and strikes you!
* * * LOW HITPOINT WARNING * * *
A demonic guardian appears!
What are your orders? t - Shout!
Orders for allies: a - Attack new target. p - Attack previous target. r - Retreat! s - Stop attacking. g - Guard the area. f - Follow me.
Anything else - Cancel.
Gang up on whom?
Press: ? - help, Dir - move target, f/p - Gastronok
Aim: Gastronok, wearing a +1 hat (severely wounded, ally target) Attack!
Gastronok waves his eye-stalks in wide circles.
The air twists around and strikes you!
You die...

#(######.######## #.#
##.#.............#
#.#
)(.#.####.######.#
#.# ##.#.# #.#
#.###w# ##.#.# #.#
#.##..# ##Z#}# #.#
#.##.## #.(#.# #.#
#.##.# #.##.# #.#
#.##.# .....# #.#
#@##.# ...### ##.#
#.##.# .#<# #..#
####.##.# .#.#####..#
#....5#.#
.#....##..###....w#.#
#####.......)).)....#
<#....##.####)....###
.#.#####.# #.....#
.#.# #.# ###.###


You could see Gastronok (ally target) and a friendly white imp (summoned).

Vanquished Creatures
  A hornet (D:9)
  A shadow (D:9)
  2 wyverns (D:8)
  A wraith (D:5)
  Grum (D:9)
  A steam dragon (D:8)
  An ice beast (D:5)
  3 orc warriors
  2 necrophages (D:5)
  2 wolves (D:8)
  A centaur (D:8)
  2 phantoms
  A kobold brigand (D:9)
  2 elf zombies (Ossuary)
  3 bullfrogs
  A gnoll sergeant (D:9)
  3 scorpions
  A troll zombie (D:9)
  A water moccasin skeleton (D:4)
  4 killer bees (D:9)
  2 howler monkeys (D:8)
  8 wights
  A centaur zombie (Ossuary)
  7 hounds
  A human zombie (Ossuary)
  A jelly (D:6)
  5 orc priests
  3 gnoll shamans
  7 iguanas
  10 orc wizards
  A killer bee zombie (D:8)
  3 ogre zombies (D:9)
  A hound skeleton (D:4)
  A howler monkey zombie (D:9)
  2 mummies (Ossuary)
  Robin (D:2)
  5 adders
  17 gnolls
  A shadow imp (D:7)
  A white imp (D:6)
  An adder skeleton (D:4)
  A worm (D:2)
  A dart slug (D:1)
  16 orcs
  5 ball pythons
  2 bats
  6 endoplasms
  5 giant cockroaches
  10 goblins
  8 hobgoblins
  16 kobolds
  5 quokkas
  4 frilled lizards
  A goblin zombie (Ossuary)
  7 hobgoblin zombies
  2 jackal zombies
  13 kobold zombies (Ossuary)
  An orc skeleton (D:9)
  13 orc zombies
  3 rats
  A rat zombie (Ossuary)
233 creatures vanquished.

Vanquished Creatures (collateral kills)
  A centaur skeleton (D:7)
  An orc (D:5)
2 creatures vanquished.

Grand Total: 235 creatures vanquished

Notes
Turn   | Place    | Note
-------+----------+-------------------------------------------
     0 | D:1      | enile the Demonspawn Gladiator began the quest for the Orb.
     0 | D:1      | Reached XP level 1. HP: 16/16 MP: 1/1
   329 | D:1      | Gained mutation: A meltable shield of frost defends you.
                  | (SH +4) [demonic ancestry]
   329 | D:1      | Reached XP level 2. HP: 18/22 MP: 2/2
   698 | D:1      | Found a faded altar of an unknown god.
   710 | D:1      | Prayed at the altar of an unknown god.
   710 | D:1      | Became a worshipper of Lugonu the Unformed
   710 | D:1      | Reached * piety under Lugonu
   710 | D:1      | Reached ** piety under Lugonu
   928 | D:2      | Noticed Robin
  1317 | D:2      | Gained mutation: Your touch may inflict minor irresistible
                  | damage on your foes. [demonic ancestry]
  1317 | D:2      | Reached XP level 3. HP: 23/28 MP: 3/3
  1325 | D:2      | Killed Robin
  1615 | D:2      | Found a broken altar of Ashenzari.
  1721 | D:2      | Identified the +5 whip "Aczumim" {holy, Fly Will+}
  1738 | D:2      | Reached skill level 1 in Invocations
  2288 | D:3      | Found a stormy altar of Qazlal.
  2530 | D:3      | Gained mutation: You are partially covered in molten
                  | scales. (AC +2) [demonic ancestry]
  2530 | D:3      | Reached XP level 4. HP: 35/35 MP: 5/5
  2579 | D:3      | Reached *** piety under Lugonu
  2664 | D:3      | Found a sacrificial altar of Ru.
  2677 | D:3      | Gained mutation: You are mostly covered in molten scales.
                  | (AC +3) [demonic ancestry]
  2677 | D:3      | Reached XP level 5. HP: 41/41 MP: 8/8
  2907 | D:3      | Reached skill level 5 in Invocations
  3194 | D:4      | Found an iron altar of Okawaru.
  3257 | D:4      | Noticed a phantom
  3336 | D:4      | Killed a phantom
  3337 | D:4      | Reached XP level 6. HP: 35/48 MP: 9/9
  3439 | D:4      | Found a sand-covered staircase.
  3455 | Ossuary  | Entered an ossuary
  3707 | Ossuary  | Reached **** piety under Lugonu
  3839 | Ossuary  | Reached skill level 5 in Fighting
  3883 | Ossuary  | Reached skill level 1 in Long Blades
  3923 | Ossuary  | Reached XP level 7. HP: 26/56 MP: 11/11
  4331 | D:4      | Found a radiant altar of Vehumet.
  4392 | D:4      | Reached skill level 1 in Stealth
  4667 | D:5      | Entered Level 5 of the Dungeon
  5105 | D:5      | Gained mutation: A weak demonic guardian rushes to your
                  | aid. [demonic ancestry]
  5105 | D:5      | Reached XP level 8. HP: 46/62 MP: 12/12
  5262 | D:5      | Reached skill level 1 in Armour
  5330 | D:5      | Found a broken altar of Ashenzari.
  6540 | D:7      | Reached skill level 5 in Long Blades
  6557 | D:7      | Reached skill level 1 in Unarmed Combat
  6831 | D:7      | Found an ornate altar of the Wu Jian Council.
  6880 | D:7      | Noticed Duvessa
  6882 | D:7      | Noticed Dowan
  7291 | D:7      | Noticed Joseph
  7302 | D:7      | Banished Joseph
  7303 | D:7      | Reached skill level 5 in Evocations
  7653 | D:6      | Reached XP level 9. HP: 48/68 MP: 13/13
  8682 | D:6      | Reached ***** piety under Lugonu
  9087 | D:6      | Found a staircase to the Ecumenical Temple.
  9928 | D:7      | Reached skill level 5 in Dodging
 10014 | D:7      | Found a hazy altar of Hepliaklqana.
 11150 | D:8      | Found an opulent altar of Gozag.
 11315 | D:9      | Reached XP level 10. HP: 37/79 MP: 14/14
 11742 | D:9      | Noticed Grum
 11924 | D:9      | Killed Grum
 13035 | D:9      | Noticed Gastronok
 13112 | D:9      | Killed from afar by Gastronok

Illustrated notes

Levels and vault maps discovered:
D:1:      lemuel_arrival_tunnels, layout_basic,
          hellmonk_ecumenical_altar_leap_of_faith,
          hangedman_abyss_or_decor_lesser_grid, minmay_misc_feat_hallway
D:2:      layout_basic, basic_altar, st_stairs_14, uniq_robin
D:3:      layout_loops_ring, nicolae_qazlal_scattered_showers,
          nicolae_ru_awakened_eye, chequers_decorated_corner
D:4:      layout_rooms, mainiacjoe_overflow_paths, old_standard_altar,
          enter_ossuary_3, minmay_misc_feat_pillars
D:5:      layout_basic, cheibrodos_ashenzari_chains
D:6:      layout_cave_pods, minmay_temple_entry_mist
D:7:      layout_basic, mainiacjoe_overflow_six_doors_small,
          nicolae_hepliaklqana_hippocampus, uniq_duvessa, uniq_joseph
D:8:      layout_basic, grunt_temple_overflow_gold_and_silver
D:9:      layout_loops_ring, zombieorc1_lemuel, uniq_grum, uniq_gastronok

Skill      XL: |  1  2  3  4  5  6  7  8  9 10 |
---------------+-------------------------------+-----
Throwing       | 2 |  2.2
Dodging        | 3 5 |  5.0
Staves         | 3 |  3.0
Fighting       | 3 4 5 7 |  7.6
Invocations    | 2 4 5 6 |  6.0
Long Blades    | 2 3 5 6 7 |  7.0
Stealth        | 2 4 |  4.0
Evocations     | 3 5 |  5.0
Armour         | 3 4 |  4.1
Unarmed Combat | 2 |  2.0

Action                   |  1- 3 |  4- 6 |  7- 9 | 10-12 || total
-------------------------+-------+-------+-------+-------++-------
Melee: Quarterstaff      |   109 |       |       |       ||   109
       Whip              |    22 |    42 |       |       ||    64
       Touch             |     4 |    41 |    61 |    22 ||   128
       Falchion          |       |   161 |   211 |       ||   372
       Punch             |       |     3 |     5 |     4 ||    12
       Scimitar          |       |       |    82 |    85 ||   167
       Long sword        |       |       |       |    12 ||    12
       Shortbow          |       |       |       |     1 ||     1
 Fire: Hunting sling     |       |       |    14 |       ||    14
       Shortbow          |       |       |       |    24 ||    24
Throw: Throwing net      |     3 |     2 |     2 |     1 ||     8
       Dart              |     4 |       |     7 |    46 ||    57
Invok: Bend Space        |       |       |    10 |     1 ||    11
       Banish            |       |       |     3 |       ||     3
Evoke: Wand              |       |       |    21 |     5 ||    26
  Use: Scroll            |       |     2 |     8 |     3 ||    13
       Potion            |       |       |       |     3 ||     3
 Stab: Sleeping          |     4 |     3 |     7 |     1 ||    15
       Held in net/web   |     2 |     2 |     1 |     1 ||     6
       Distracted        |       |     1 |       |     2 ||     3
Armor: Leather armour    |    27 |    71 |    82 |       ||   180
       Ring mail         |       |       |    21 |    58 ||    79
       Skin              |       |       |       |    20 ||    20
Dodge: Dodged            |    66 |   142 |   216 |    87 ||   511
Block: Other             |    25 |    42 |    57 |    27 ||   151

Table legend: (Time is in decaauts)
 A = Elapsed time spent in this place.
 B = Non-inter-level travel time spent in this place.
 C = Inter-level travel time spent in this place.
 D = Time resting spent in this place.
 E = Time spent auto-exploring this place.
 F = Levels seen in this place.
 G = Mean time per level.
                   A        B        C        D        E       F      G
               +--------+--------+--------+--------+--------+-----+--------+
         Total |  13251 |  12613 |    638 |   2818 |   7131 |  10 | 1325.1 |
       Dungeon |  12394 |  11756 |    638 |   2692 |   6843 |   9 | 1377.1 |
       Ossuary |    857 |    857 |      0 |    126 |    288 |   1 |  857.0 |
               +--------+--------+--------+--------+--------+-----+--------+

Top non-repeatable levels by time:
     D:7: 2499 daAuts
     D:5: 1887 daAuts
     D:1: 1556 daAuts
     D:9: 1523 daAuts
     D:4: 1344 daAuts
     D:6: 1052 daAuts
     D:8: 948 daAuts
 Ossuary: 857 daAuts
     D:3: 829 daAuts
     D:2: 751 daAuts
